 Dungeon Crawl Stone Soup version 0.23-a0-204-g3eb00d1601 (webtiles) character file.

1295 Ablot the Charmwright (level 8, -3/64 HPs)
             Began as a Gnoll Skald on Sept 24, 2018.
             Was an Initiate of Okawaru.
             Killed by divine providence
             ... invoked by an orc priest
              (13 damage)
             ... on level 4 of the Dungeon.
             The game lasted 00:08:26 (4027 turns).

Ablot the Charmwright (Gnoll Skald)                 Turns: 4027, Time: 00:08:27

Health: -3/64      AC:  5    Str: 14    XL:     8   Next: 56%
Magic:  13/17      EV: 12    Int: 20    God:    Okawaru [......]
Gold:   197        SH:  0    Dex: 17    Spells: 8/19 levels left

rFire    . . .     SeeInvis .   a - +0 trident
rCold    . . .     Gourm    .   (no shield)
rNeg     . . .     Faith    .   b - +0 leather armour
rPois    +         Spirit   .   C - +0 helmet (curse)
rElec    .         Reflect  .   (no cloak)
rCorr    .         Harm     .   (no gloves)
MR       .....                  f - +0 pair of boots
Stlth    ++........             g - amulet of the acrobat
HPRegen  0.20/turn              u - ring of poison resistance
MPRegen  0.15/turn              I - -3 ring of evasion (curse)

@: brilliant, shrouded (expiring), singing
A: distributed training, fangs 1, strong nose
a: Renounce Religion


You were on level 4 of the Dungeon.
You worshipped Okawaru.
Okawaru was noncommittal.
You were not hungry.

You visited 2 branches of the dungeon, and saw 5 of its levels.
You also visited: Sewer.

You collected 197 gold pieces.

Inventory:

Hand Weapons
 a - a +0 trident (weapon)
 q - a +1 hunting sling of flaming
 w - a +0 blowgun
Missiles
 e - 102 arrows
 i - 304 stones (quivered)
 j - 19 bolts
 s - 37 sling bullets
 t - 43 poisoned needles
Armour
 b - a +0 leather armour (worn)
 f - a +0 pair of boots (worn)
 C - a cursed +0 helmet (worn)
Jewellery
 g - an amulet of the acrobat (around neck)
 u - a ring of poison resistance (left hand)
 H - an uncursed ring of positive energy
 I - a cursed -3 ring of evasion (right hand)
Wands
 z - a wand of paralysis (5)
 E - a wand of digging (8)
 F - a wand of scattershot (5)
Scrolls
 l - 2 scrolls of fog
 n - 3 scrolls of teleportation
 r - a scroll of immolation
 D - 3 scrolls of enchant armour
Potions
 c - 5 potions of brilliance
 h - 2 potions of flight {unknown}
 k - 5 potions of agility {unknown}
 m - 6 potions of curing {unknown}
 o - a potion of resistance {unknown}
 p - 6 potions of heal wounds {unknown}
 v - 3 potions of degeneration {unknown}
Comestibles
 d - 5 rations


   Skills:
 + Level 5.7 Fighting
 + Level 3.3 Short Blades
 + Level 3.3 Long Blades
 + Level 3.3 Axes
 + Level 3.3 Maces & Flails
 + Level 5.7 Polearms
 + Level 3.3 Staves
 + Level 3.3 Slings
 + Level 3.3 Bows
 + Level 3.3 Crossbows
 + Level 3.3 Throwing
 + Level 4.2 Armour
 + Level 5.7 Dodging
 + Level 3.3 Stealth
 + Level 3.3 Shields
 + Level 3.3 Unarmed Combat
 + Level 6.0 Spellcasting
 + Level 2.7 Conjurations
 + Level 2.7 Hexes
 + Level 6.1 Charms
 + Level 2.7 Summonings
 + Level 2.7 Necromancy
 + Level 2.7 Translocations
 + Level 2.7 Transmutations
 + Level 2.7 Fire Magic
 + Level 2.7 Ice Magic
 + Level 2.7 Air Magic
 + Level 2.7 Earth Magic
 + Level 2.7 Poison Magic
 + Level 3.6 Invocations
 + Level 3.3 Evocations


You had 8 spell levels left.
You knew the following spells:

 Your Spells              Type           Power        Failure   Level  Hunger
a - Infusion              Chrm           ####         1%          1    None
b - Song of Slaying       Chrm           #####...     1%          2    None
c - Shroud of Golubria    Chrm/Tloc      #####.....   1%          2    None
d - Regeneration          Chrm/Necr      #####.....   1%          3    ##.....
e - Spectral Weapon       Hex/Chrm       #####...     1%          3    ##.....

Your spell library contained the following spells:

 Spells                   Type           Power        Failure   Level  Hunger


Dungeon Overview and Level Annotations

Branches:
Dungeon (4/15)             Temple (1/1) D:4

Altars:
Ashenzari
Cheibriados
Dithmenos
Elyvilon
Fedhas
Gozag
Hepliaklqana
Kikubaaqudgha
Nemelex Xobeh
Okawaru
Ru
Sif Muna
Trog
Uskayaw
Yredelemnul


Innate Abilities, Weirdness & Mutations

Your experience applies equally to all skills.
You have very sharp teeth.
Your uncanny sense of smell can sniff out nearby items.


Message History

Aim: an orc priest (severely wounded)
You closely miss the orc priest. Your bite misses the orc priest.
The orc priest is severely wounded.
Your spectral weapon completely misses the orc priest.
The orc hits you but does no damage.
The orc priest hits you but does no damage.
It was a potion of brilliance.
You feel clever all of a sudden. The orc hits you but does no damage.
Your shroud bends the orc priest's attack away.
Attack whom?
Press: ? - help, Dir - move target cursor, f/p - orc priest
Aim: an orc priest (severely wounded)
You hit the orc priest but do no damage.
The orc priest is severely wounded.
Your spectral weapon closely misses the orc priest.
The orc closely misses you.
The orc priest calls down the wrath of Beogh upon you.
Beogh smites you!
You die...

#..................
#.........)........
#......##..#######'
+......##..##......
##.##..##[..#......
####.##..##...#......
.'......##'###......
#o(....#.........##
##@##..#.........#.
#o#####.........'.
.(. #.........#.
..... #....######.
....... +....# #...
.######..#....# #...
#. ###....# #### .
#....# ######


You could see an orc priest, an orc and a friendly spectral trident.

Vanquished Creatures
  Pikel (D:3)
  Sigmund (D:3)
  Eustachio (D:4)
  A slave (D:4)
  An ogre (D:4)
  2 big kobolds (Sewer)
  2 orc wizards (D:4)
  Jessica (D:2)
  Ijyb (D:3)
  Robin (D:3)
  4 adders
  2 river rats (Sewer)
  An ooze (D:2)
  2 worms (D:2)
  2 dart slugs
  4 orcs
  7 ball pythons
  6 giant cockroaches
  16 goblins
  7 hobgoblins
  21 kobolds
  3 quokkas
  9 bats
  4 frilled lizards
  31 rats
131 creatures vanquished.

Vanquished Creatures (others)
  A slave (D:4)
  2 orc wizards (D:4)
3 creatures vanquished.

Grand Total: 134 creatures vanquished

Notes
Turn   | Place    | Note
-------+----------+-------------------------------------------
     0 | D:1      | Ablot the Gnoll Skald began the quest for the Orb.
     0 | D:1      | Reached XP level 1. HP: 20/20 MP: 6/6
   389 | D:1      | Reached XP level 2. HP: 22/26 MP: 7/7
   393 | D:1      | Learned a level 2 spell: Song of Slaying
   396 | D:1      | Learned a level 2 spell: Shroud of Golubria
   517 | D:1      | Found a snail-covered altar of Cheibriados.
   816 | D:2      | Reached XP level 3. HP: 28/31 MP: 0/9
   821 | D:2      | Learned a level 3 spell: Regeneration
   825 | D:2      | Learned a level 3 spell: Spectral Weapon
   836 | D:2      | Reached skill level 5 in Spellcasting
   956 | D:2      | Reached skill level 1 in Invocations
  1168 | D:2      | Reached skill level 1 in Short Blades
  1168 | D:2      | Reached skill level 1 in Long Blades
  1168 | D:2      | Reached skill level 1 in Axes
  1168 | D:2      | Reached skill level 1 in Maces & Flails
  1168 | D:2      | Reached skill level 1 in Staves
  1168 | D:2      | Reached skill level 1 in Slings
  1168 | D:2      | Reached skill level 1 in Bows
  1168 | D:2      | Reached skill level 1 in Crossbows
  1168 | D:2      | Reached skill level 1 in Throwing
  1168 | D:2      | Reached skill level 1 in Stealth
  1168 | D:2      | Reached skill level 1 in Shields
  1168 | D:2      | Reached skill level 1 in Unarmed Combat
  1168 | D:2      | Reached skill level 1 in Evocations
  1168 | D:2      | Reached XP level 4. HP: 18/38 MP: 3/11
  1333 | D:2      | Noticed Jessica
  1342 | D:2      | Killed Jessica
  1431 | D:2      | Reached skill level 1 in Conjurations
  1431 | D:2      | Reached skill level 1 in Hexes
  1431 | D:2      | Reached skill level 1 in Summonings
  1431 | D:2      | Reached skill level 1 in Necromancy
  1431 | D:2      | Reached skill level 1 in Translocations
  1431 | D:2      | Reached skill level 1 in Transmutations
  1431 | D:2      | Reached skill level 1 in Fire Magic
  1431 | D:2      | Reached skill level 1 in Ice Magic
  1431 | D:2      | Reached skill level 1 in Air Magic
  1431 | D:2      | Reached skill level 1 in Earth Magic
  1431 | D:2      | Reached skill level 1 in Poison Magic
  1501 | D:2      | Found a bloodstained altar of Trog.
  1674 | D:3      | Found a glowing drain.
  1726 | Sewer    | Entered a sewer
  1758 | Sewer    | Reached XP level 5. HP: 34/43 MP: 6/12
  1900 | Sewer    | Noticed a big kobold
  1930 | Sewer    | Killed a big kobold
  2014 | Sewer    | Reached XP level 6. HP: 43/50 MP: 11/13
  2370 | D:3      | Noticed Ijyb
  2381 | D:3      | Killed Ijyb
  2381 | D:3      | Reached skill level 5 in Fighting
  2381 | D:3      | Reached skill level 5 in Polearms
  2381 | D:3      | Reached skill level 5 in Dodging
  2422 | D:3      | Noticed Robin
  2442 | D:3      | Killed Robin
  2638 | D:3      | Found a faded altar of an unknown god.
  2668 | D:3      | Noticed Sigmund
  2702 | D:3      | Killed Sigmund
  2702 | D:3      | Reached XP level 7. HP: 56/56 MP: 7/15
  3107 | D:4      | Noticed Pikel
  3121 | D:3      | Killed Pikel
  3121 | D:3      | Reached XP level 8. HP: 43/63 MP: 10/16
  3125 | D:4      | Noticed Eustachio
  3140 | D:4      | Killed Eustachio
  3423 | D:4      | Found a staircase to the Ecumenical Temple.
  3430 | Temple   | Entered the Ecumenical Temple
  3637 | Temple   | Became a worshipper of Warmaster Okawaru
  4027 | D:4      | Killed from afar by an orc priest

Vault maps used:
D:1:      matt_arrival_los_fun, serial_glass, glass_columns_a, glass_columns_a,
          cheibriados_altar_1
D:2:      lightli_temple_of_fire, uniq_jessica
D:3:      cheibrodos_sewer_entry_drain, chequers_ecumenical_altar_island,
          uniq_robin, uniq_ijyb, uniq_sigmund
D:4:      temple_statues, first_ration, hex_tiny, uniq_pikel, uniq_eustachio
Temple:   dpeg_chambers_temple
Sewer:    sewer_minmay_treatment

Skill      XL: |  1  2  3  4  5  6  7  8 |
---------------+-------------------------+-----
Spellcasting   | 5 6 |  6.0
Invocations    | 1 2 3 |  3.6
Short Blades   | 1 2 3 |  3.3
Long Blades    | 1 2 3 |  3.3
Axes           | 1 2 3 |  3.3
Maces & Flails | 1 2 3 |  3.3
Staves         | 1 2 3 |  3.3
Slings         | 1 2 3 |  3.3
Bows           | 1 2 3 |  3.3
Crossbows      | 1 2 3 |  3.3
Throwing       | 1 2 3 |  3.3
Stealth        | 1 2 3 |  3.3
Shields        | 1 2 3 |  3.3
Unarmed Combat | 1 2 3 |  3.3
Evocations     | 1 2 3 |  3.3
Conjurations   | 1 2 |  2.7
Hexes          | 1 2 |  2.7
Summonings     | 1 2 |  2.7
Necromancy     | 1 2 |  2.7
Translocations | 1 2 |  2.7
Transmutations | 1 2 |  2.7
Fire Magic     | 1 2 |  2.7
Ice Magic      | 1 2 |  2.7
Air Magic      | 1 2 |  2.7
Earth Magic    | 1 2 |  2.7
Poison Magic   | 1 2 |  2.7
Armour         | 3 4 |  4.2
Fighting       | 5 |  5.7
Polearms       | 5 |  5.7
Dodging        | 5 |  5.7
Charms         | 6 |  6.1

Action                   |  1- 3 |  4- 6 |  7- 9 || total
-------------------------+-------+-------+-------++-------
Melee: Spear             |   119 |   178 |       ||   297
       Bite              |    15 |    21 |    13 ||    49
       Punch             |       |     1 |       ||     1
       Trident           |       |    39 |    90 ||   129
 Fire: Hunting sling     |       |    29 |       ||    29
 Cast: Shroud of Golubri |     2 |     9 |     5 ||    16
       Infusion          |     2 |     1 |     1 ||     4
       Regeneration      |     1 |     4 |     2 ||     7
       Spectral Weapon   |       |    10 |     6 ||    16
       Song of Slaying   |       |     4 |     1 ||     5
  Use: Scroll            |       |       |     7 ||     7
       Potion            |       |       |     1 ||     1
 Stab: Sleeping          |     1 |     2 |     3 ||     6
  Eat: Chunk             |     1 |     7 |     5 ||    13
Armor: Leather armour    |    21 |    33 |    23 ||    77
Dodge: Dodged            |    52 |   140 |    69 ||   261

Table legend:
 A = Non-vault XP
 B = Vault XP
 C = Vault XP percentage of total XP
 D = Non-vault monster count
 E = Vault monster count
 F = Vault count percentage of total count
                 A         B        C        D         E       F
            +---------+---------+-------+---------+---------+-------
      Total |     407 |    1443 |  78.0 |      63 |      69 |  52.3
            +---------+---------+-------+---------+---------+-------
        D:1 |      17 |       0 |   0.0 |      10 |       0 |   0.0
        D:2 |      80 |      37 |  31.6 |      28 |       1 |   3.4
        D:3 |      40 |     926 |  95.9 |      17 |      19 |  52.8
        D:4 |     270 |     193 |  41.7 |       8 |       1 |  11.1
      Sewer |       0 |     287 | 100.0 |       0 |      48 | 100.0
            +---------+---------+-------+---------+---------+-------
